 Dungeon Crawl Stone Soup version 0.29.1-2-gbd0b4ee654 (webtiles) character file.

Game seed: 1200959010954211063

740 zeram the Cleaver (level 7, -14/57 HPs)
             Began as a Hill Orc Fighter on Nov 20, 2022.
             Demolished by a two-headed ogre
             ... wielding a +0 giant club
              (24 damage)
             ... on level 5 of the Dungeon.
             The game lasted 00:05:26 (5268 turns).

zeram the Cleaver (Hill Orc Fighter)                Turns: 5268, Time: 00:05:27

Health: -14/57     AC:  7    Str: 21    XL:     7   Next: 75%
Magic:  7/7        EV:  9    Int:  8    God:
Gold:   253        SH:  4    Dex: 10    Spells: 6/6 levels left

rFire   . . .      SeeInvis .   a - +2 war axe
rCold   . . .      Faith    .   c - +0 buckler
rNeg    + . .      Spirit   .   b - +0 scale mail
rPois   .          Reflect  .   (no helmet)
rElec   .          Harm     .   (no cloak)
rCorr   .          Rampage  .   (no gloves)
Will    .....                   (no boots)
Stlth   ..........              (no amulet)
HPRegen 0.19/turn               j - ring of wizardry
MPRegen 0.10/turn               o - ring of positive energy

@: mighty
A: no striking features
a: no special abilities


You were on level 5 of the Dungeon.
You visited 1 branch of the dungeon, and saw 5 of its levels.

You collected 253 gold pieces.

Inventory:

Hand Weapons
 a - a +2 war axe (weapon)
Missiles
 t - 2 throwing nets (quivered)
Armour
 b - a +0 scale mail (worn)
 c - a +0 buckler (worn)
Jewellery
 j - a ring of wizardry (left hand)
 l - a ring of resist corrosion
 o - a ring of positive energy (right hand)
Wands
 k - a wand of quicksilver (4)
 r - a wand of roots (5)
Scrolls
 h - 3 scrolls of brand weapon {unknown}
 n - a scroll of enchant armour {unknown}
 p - a scroll of poison {unknown}
 q - 2 scrolls of identify
Potions
 d - 2 potions of might
 e - a potion of flight
 f - 3 potions of attraction
 g - 2 potions of curing
 i - a potion of invisibility {unknown}
 m - a potion of degeneration {unknown}
 s - a potion of resistance {unknown}


   Skills:
 - Level 3.6 Fighting
 + Level 8.5 Axes
 + Level 5.8 Armour
 + Level 1.4 Dodging
 + Level 4.2 Shields


You had 6 spell levels left.
You didn't know any spells.
Your spell library was empty.

Dungeon Overview and Level Annotations

Branches:
Dungeon (5/15)
 Temple: D:4-7

Altars:


Message History

No target in view!
No target in view!
Found an escape hatch in the ceiling.
There is a stone staircase leading down here.
A two-headed ogre is nearby!
A two-headed ogre is nearby!
Found 19 gold pieces.
The two-headed ogre hits you with a +0 giant club!
The two-headed ogre hits you with a +0 giant spiked club!!
Ouch! That really hurt!
* * * LOW HITPOINT WARNING * * *
You are too injured to fight recklessly!
You are too injured to fight recklessly!
You are too injured to fight recklessly!
You are too injured to fight recklessly!
You are too injured to fight recklessly!
Okay, then.
You feel much better.
Okay, then.
Cleave: a) +2 war axe
Press: ? - help, Dir - move target, f - two-headed ogre
Aim: a two-headed ogre, wielding a +0 giant club and a +0 giant spiked club (about 24% to evade your +2 war axe)
Okay, then.
Okay, then.
You feel very mighty all of a sudden.
The two-headed ogre hits you with a +0 giant club!!
Ouch! That really hurt!
* * * LOW HITPOINT WARNING * * *
You block the two-headed ogre's attack.
You feel much better.
The two-headed ogre hits you but does no damage.
The two-headed ogre hits you with a +0 giant spiked club!!
* * * LOW HITPOINT WARNING * * *
You barely miss the two-headed ogre. You slash the two-headed ogre!
The two-headed ogre is lightly wounded.
The two-headed ogre hits you with a +0 giant club.
* * * LOW HITPOINT WARNING * * *
The two-headed ogre hits you with a +0 giant spiked club!!
You die...

.... ##... .....# ##
.#$... .## . ......#
..##..
...#.#.#.....####.....
#...........O.##...#
#..#.#.#... #@....# #
#........ ###..## .##
#####......#
#..####..# ..........#
##.......# #........##
#......#.
##.........##
#.....###
#.....####..##
#....##.## ......#
##..## ###..###.#.##
..##.##
##..###...<##.#.#.##


You could see a two-headed ogre.

Vanquished Creatures
  Menkaure (D:4)
  An ogre (D:5)
  Blork the orc (D:4)
  2 scorpions (D:5)
  Ijyb (D:3)
  Natasha (thrice) (D:4)
  4 iguanas
  3 adders
  3 gnolls (D:2)
  2 worms
  4 dart slugs
  7 orcs
  4 bats
  10 endoplasms
  2 giant cockroaches
  6 goblins
  4 hobgoblins
  3 jackals (D:4)
  6 kobolds
  3 quokkas
  9 ball pythons
  4 frilled lizards
  6 rats
  A spectral hobgoblin (D:1)
90 creatures vanquished.

Notes
Turn   | Place    | Note
-------+----------+-------------------------------------------
     0 | D:1      | zeram the Hill Orc Fighter began the quest for the Orb.
     0 | D:1      | Reached XP level 1. HP: 19/19 MP: 1/1
   177 | D:1      | Found a faded altar of an unknown god.
   267 | D:1      | Reached skill level 3 in Axes
   267 | D:1      | Reached XP level 2. HP: 23/26 MP: 2/2
   817 | D:1      | Reached XP level 3. HP: 28/31 MP: 3/3
  1138 | D:2      | Reached skill level 4 in Axes
  1327 | D:2      | Reached XP level 4. HP: 39/39 MP: 4/4
  1793 | D:3      | Noticed Ijyb
  1826 | D:3      | Killed Ijyb
  1827 | D:3      | Reached skill level 5 in Axes
  1827 | D:3      | Reached XP level 5. HP: 32/45 MP: 5/5
  2862 | D:4      | Noticed Menkaure
  2868 | D:4      | Killed Menkaure
  2869 | D:4      | Reached skill level 6 in Axes
  2869 | D:4      | Reached skill level 1 in Dodging
  2869 | D:4      | Reached XP level 6. HP: 24/51 MP: 6/6
  3216 | D:4      | Noticed Natasha
  3222 | D:4      | Killed Natasha
  3639 | D:4      | Noticed Natasha
  3639 | D:4      | Noticed Blork the orc
  3647 | D:4      | Killed Blork the orc
  3648 | D:4      | Reached skill level 7 in Axes
  3648 | D:4      | Reached skill level 5 in Armour
  3651 | D:4      | Killed Natasha
  3652 | D:4      | Reached XP level 7. HP: 38/57 MP: 7/7
  3917 | D:4      | Identified the +6 whip "Wuwiysec" {protect, rElec Dex+6}
  3949 | D:4      | Noticed Natasha
  3961 | D:4      | Killed Natasha
  4201 | D:5      | Entered Level 5 of the Dungeon
  4600 | D:5      | Noticed a two-headed ogre
  4927 | D:5      | Reached skill level 8 in Axes
  5268 | D:5      | Demolished by a two-headed ogre

Illustrated notes

Levels and vault maps discovered:
D:1:      dpeg_arrival_concentric_ovals, layout_basic,
          dreamdust_ecumenical_altar_drowned_temple
D:2:      layout_rooms
D:3:      layout_loops_ring, minmay_between, uniq_ijyb
D:4:      layout_basic, uniq_menkaure, uniq_blork_the_orc, uniq_natasha
D:5:      minmay_inner_zag, layout_layer_cave, serial_glass, glass_columns_a,
          glass_columns_b, glass_columns_a, glass_columns_b, glass_columns_b,
          glass_columns_c

Skill      XL: |  1  2  3  4  5  6  7 |
---------------+----------------------+-----
Axes           | 3 4 5 6 7 8 |  8.5
Armour         | 4 5 |  5.8
Dodging        | 1 |  1.4
Shields        | 4 |  4.2
Fighting       | |  3.6

Action                   |  1- 3 |  4- 6 |  7- 9 || total
-------------------------+-------+-------+-------++-------
Melee: War axe           |    92 |   132 |    44 ||   268
  Use: Scroll            |     1 |    10 |       ||    11
       Potion            |       |     3 |     4 ||     7
Armor: Scale mail        |    49 |    53 |    14 ||   116
Dodge: Dodged            |    39 |    64 |    17 ||   120
Block: Buckler           |    24 |    23 |    10 ||    57
